 Dungeon Crawl Stone Soup version 0.29.1-13-g9f3cf754e1 (webtiles) character file.

Game seed: 446031985744453865

2 javelincjr the Digger (level 1, -2/10 HPs)
             Began as a Gargoyle Earth Elementalist on Jan 23, 2023.
             Slain by a jackal (3 damage)
             ... on level 1 of the Dungeon.
             The game lasted 00:00:22 (60 turns).

javelincjr the Digger (Gargoyle Earth Elementalist)   Turns: 60, Time: 00:00:22

Health: -2/10      AC:  4    Str: 11    XL:     1   Next: 40%
Magic:  0/3        EV: 11    Int: 15    God:
Gold:   20         SH:  0    Dex: 10    Spells: 3/4 levels left

rFire   . . .      SeeInvis .   (no weapon)
rCold   . . .      Faith    .   (no shield)
rNeg    + . .      Spirit   .   a - +0 robe
rPois   ∞          Reflect  .   (no helmet)
rElec   +          Harm     .   (no cloak)
rCorr   .          Rampage  .   (no gloves)
Will    .....                   (no boots)
Stlth   ++........              (no amulet)
HPRegen 0.03/turn               (no ring)
MPRegen 0.08/turn               (no ring)

@: no status effects
A: sickness immunity, AC +2, negative energy resistance 1, electricity
resistance, torment resistance 1, petrification resistance
a: no special abilities


You were on level 1 of the Dungeon.
You visited 1 branch of the dungeon, and saw 1 of its levels.

You collected 20 gold pieces.

Inventory:

Armour
 a - a +0 robe (worn)
Potions
 b - a potion of magic


   Skills:
 + Level 1.5 Dodging
 + Level 2.3 Stealth
 + Level 2.0 Spellcasting
 + Level 0.7 Transmutations
 + Level 3.7 Earth Magic


You had 3 spell levels left.
You knew the following spells:

 Your Spells              Type           Power      Damage    Failure   Level
a - Sandblast             Erth           24%        2d8       4%          1

Your spell library contained the following spells:

 Spells                   Type           Power      Damage    Failure   Level
 Passwall                 Tmut/Erth      6%         N/A       14%         2
 Stone Arrow              Conj/Erth      14%        3d7       30%         3
 Petrify                  Tmut/Erth      8%         N/A       65%         4


Dungeon Overview and Level Annotations

Branches:
Dungeon (1/15)

Altars:


Innate Abilities, Weirdness & Mutations

You are immune to sickness and miasma.
Your stone body is resilient. (AC +2)
You are immune to poison.
You resist negative energy. (rN+)
You are resistant to electric shocks. (rElec)
You are resistant to unholy torment.
You are immune to petrification.


Message History

The jackal bites you but does no damage.
You hit the jackal.
You kill the jackal!
The jackal closely misses you. The jackal barely misses you. x2
The jackal bites you but does no damage.
The jackal bites you. The jackal barely misses you. The jackal misses you.
The jackal bites you.
* * * LOW HITPOINT WARNING * * *
The jackal barely misses you. The jackal bites you.
* * * LOW HITPOINT WARNING * * *
The jackal bites you but does no damage.
You see here a +0 cloak.
You closely miss the jackal. The jackal barely misses you.
The jackal bites you.
* * * LOW HITPOINT WARNING * * *
The jackal barely misses you.
Your magical contamination has completely faded away.
You hit the jackal but do no damage. The jackal barely misses you.
The jackal closely misses you. The jackal barely misses you.
The jackal bites you but does no damage.
The jackal barely misses you.
The jackal bites you but does no damage.
The jackal attacks as you move away!
The jackal bites you but does no damage.
You completely miss the jackal.
The jackal bites you but does no damage.
You miss the jackal. Your punch misses the jackal.
The jackal closely misses you. The jackal misses you.
You closely miss the jackal.
The jackal bites you but does no damage.
You barely miss the jackal. The jackal closely misses you. x2
Casting: Sandblast (safe; 4% risk of failure)
Confirm with . or Enter, or press ? or * to list all spells.
Aiming: Sandblast (safe; 4% risk of failure)
Press: ? - help, Shift-Dir - straight line, f/p - jackal
Aim: a jackal (77% to hit)
The blast of sand hits the jackal but does no damage.
The jackal closely misses you. The jackal misses you.
You barely miss the jackal. The jackal bites you.
You die...

#.# #.# #### #.. ...
≈~~P# #.#####.# #
≈~P.# #.##..!.####.#
~P..# #.##.##......
P...# #.#...#....h
....####.......####.#
..............hh@...#
.....####......######
.....# ##...#.#
....## ##.##.# ....#
#.##.# ....# #.....
P...# ####.# ~P..#
#.# ≈~P.#


You could see 2 jackals.

Vanquished Creatures
  A jackal (D:1)
  2 ball pythons (D:1)
3 creatures vanquished.

Notes
Turn   | Place    | Note
-------+----------+-------------------------------------------
     0 | D:1      | javelincjr the Gargoyle Earth Elementalist began the quest
                  | for the Orb.
     0 | D:1      | Reached XP level 1. HP: 10/10 MP: 3/3
    60 | D:1      | Slain by a jackal

Illustrated notes

Levels and vault maps discovered:
D:1:      eino_arrival_druids_welcome, layout_loops_ring,
          nicolae_ecumenical_lake_church

Action                   || total
-------------------------++-------
Melee: Unarmed           ||    10
 Cast: Sandblast         ||     5
Armor: Robe              ||    12
Dodge: Dodged            ||    20
